 Dungeon Crawl Stone Soup version 0.31.0-11-ge490571c62 (webtiles) character file.

Game seed: 4345938623042284791

1317 Amaterasu the Cudgeller (level 8, 0/40 (43) HPs)
             Began as a Vine Stalker Fighter on Jan 31, 2024.
             Slain by a wyvern (7 damage)
             ... on level 7 of the Dungeon.
             The game lasted 00:07:13 (4563 turns).

Amaterasu the Cudgeller (Vine Stalker Fighter)      Turns: 4563, Time: 00:07:14

HP:   0/40 (43)     AC: 11    Str: 22    XL:     8   Next: 59%
MP:   0/9           EV:  8    Int:  8    God:
Gold: 441           SH: 10    Dex: 13    Spells: 7/7 levels left

rFire   . . .        a - +0 flail
rCold   + . .        c - +0 buckler
rNeg    . . .        o - +0 chain mail
rPois   .            l - +2 hat
rElec   .            (no cloak)
rCorr   .            (no gloves)
SInv    .            (no boots)
Will    +....        y - amulet of reflection Stlth
                     r - ring of protection from cold
HPRegen 1.06/turn    (no ring)
MPRegen 0.11/turn

%: reflection, guardian spirit
@: drained
A: fangs 3, regeneration 1, magic shield, antimagic bite, no potion heal 2
a: no special abilities


You were on level 7 of the Dungeon.
You visited 1 branch of the dungeon, and saw 7 of its levels.

You collected 441 gold pieces.

Inventory:

Hand Weapons
 a - a +0 flail (weapon)
Armour
 c - a +0 buckler (worn)
 l - a +2 hat (worn)
 o - a +0 chain mail (worn)
 v - a +0 plate armour
Jewellery
 r - a ring of protection from cold (left hand)
 w - an amulet of magic regeneration
 y - an amulet of reflection (around neck)
Wands
 q - a wand of paralysis (1)
 t - a wand of iceblast (3)
Scrolls
 b - a scroll of fog {unknown}
 g - 2 scrolls of identify
 j - a scroll of vulnerability
 m - 2 scrolls of poison
 s - 2 scrolls of immolation
Potions
 d - a potion of might
 e - 4 potions of heal wounds
 f - a potion of magic
 h - a potion of invisibility
 i - a potion of enlightenment
 k - 5 potions of curing
 n - a potion of haste
 p - a potion of brilliance


   Skills:
 - Level 5.0 Fighting
 + Level 6.4 Maces & Flails
 * Level 4.3 Armour
 * Level 2.0 Dodging
 * Level 3.7 Shields


You had 7 spell levels left.
You didn't know any spells.
Your spell library contained the following spells:

 Spells                   Type           Power      Damage    Failure   Level
 Blink                    Tloc           0%         N/A       99%         2
 Call Imp                 Summ           0%         N/A       99%         2
 Cigotuvi's Dreadful Rot  Necr/Alch/Air  0%         N/A       99%         2
 Lesser Beckoning         Tloc           0%         N/A       99%         2
 Momentum Strike          Conj/Tloc      0%         3d8       99%         2
 Sublimation of Blood     Necr           0%         N/A       99%         2
 Dispel Undead            Necr           0%         3d6       100%        4
 Martyr's Knell           Necr/Summ      0%         N/A       100%        4
 Death Channel            Necr           0%         N/A       100%        6
 Summon Hydra             Summ           0%         N/A       100%        7


Dungeon Overview and Level Annotations

Branches:
Dungeon (7/15)
 Temple: D:4-7

Altars:
Okawaru
Sif Muna


Innate Abilities, Weirdness & Mutations

You have razor-sharp teeth.
Your natural rate of healing is unusually fast.
When hurt, damage is shared between your health and your magic reserves.
Your bite disrupts and absorbs the magic of your enemies.
Potions cannot restore your health.


Message History

You see here 5 stones.
The orc wizard attacks as it pursues you!
The orc wizard hits you but does no damage.
The wight attacks as it pursues you! The wight misses you.
A scorpion comes into view.
The wight attacks as it pursues you! The wight hits you but does no damage.
An orc warrior comes into view. It is wielding a +0 glaive.
The orc warrior shouts!
You hear a shout!
A wyvern comes into view.
The wyvern hisses angrily.
The wight attacks as it pursues you! You block the wight's attack.
The orc wizard attacks as it pursues you!
You block the orc wizard's attack. The wight attacks as it pursues you!
The wight barely misses you.
Unknown command.
The wyvern bites you! The wight attacks as it pursues you!
The wight hits you with a +0 morningstar!
You feel drained.
The wyvern bites you but does no damage.
The wight attacks as it pursues you! You block the wight's attack.
The orc wizard attacks as it pursues you!
You block the orc wizard's attack. The wyvern bites you. The wyvern bites you!
* * * LOW HITPOINT WARNING * * *
The wight attacks as it pursues you! The wight closely misses you.
The wight attacks as it pursues you! You block the wight's attack.
The wight attacks as it pursues you! You block the wight's attack.
The wyvern barely misses you.
The wyvern bites you but does no damage.
Things that are here:
a +0 short sword; 2 stones You block the wyvern's attack.
The orc wizard casts a spell.
The orc wizard flickers and vanishes!
Deactivating autopickup; reactivate with Ctrl-A.
There is a stone staircase leading up here.
The wyvern bites you!
* * * LOW HITPOINT WARNING * * *
The wyvern bites you!
You die...

#.##.....# #.
#.).......# #.###....#
..## . #.......####....
....# ..#....<..#.......
....##...........#......
.............###.#..#...
....)....#...###.......#
!........#...).)@.....##
#...........#.)k..#####
...........z..z).....#
..........z##.s.......#
(..........#z...#...###
......z...oz....#####
.........###....##
.................#
..<........#.....#


You could see an orc warrior, a wyvern, a scorpion and 5 wights.

Vanquished Creatures
  Eustachio (D:4)
  2 ogres
  A bullfrog (D:6)
  2 kobold brigands
  4 scorpions
  2 hounds (D:6)
  2 orc priests
  3 bombardier beetles
  Jessica (D:3)
  3 iguanas
  A sleepcap (D:5)
  An orc wizard (D:4)
  Robin (D:3)
  8 adders
  6 dart slugs
  2 ribbon worms
  14 orcs
  5 ball pythons
  5 bats
  9 endoplasms
  3 giant cockroaches
  12 hobgoblins
  5 quokkas
  14 goblins
  12 kobolds
  8 rats
127 creatures vanquished.

Notes
Turn   | Place    | Note
-------+----------+-------------------------------------------
     0 | D:1      | Amaterasu the Vine Stalker Fighter began the quest for the
                  | Orb.
     0 | D:1      | Reached XP level 1. HP: 11/11 MP: 2/2
    36 | D:1      | Reached skill level 2 in Maces & Flails
   160 | D:1      | Reached XP level 2. HP: 16/16 MP: 3/3
   299 | D:1      | Reached skill level 3 in Maces & Flails
   301 | D:1      | Reached XP level 3. HP: 19/19 MP: 2/4
   954 | D:2      | Noticed a great orb of eyes
  1128 | D:2      | Reached XP level 4. HP: 23/23 MP: 5/5
  1209 | D:2      | Found a faded altar of an unknown god.
  1209 | D:2      | Noticed an eye of devastation
  1212 | D:2      | Noticed a great orb of eyes
  1212 | D:2      | Noticed a shining eye
  1340 | D:2      | Reached skill level 4 in Maces & Flails
  1723 | D:3      | Noticed Robin
  1748 | D:3      | Killed Robin
  1842 | D:3      | Reached XP level 5. HP: 27/27 MP: 6/6
  1985 | D:3      | Noticed Jessica
  1991 | D:3      | Found a shimmering blue altar of Sif Muna.
  1997 | D:3      | Killed Jessica
  2408 | D:3      | Reached skill level 5 in Maces & Flails
  2656 | D:4      | Reached XP level 6. HP: 19/33 MP: 5/7
  2717 | D:4      | Noticed Eustachio
  2735 | D:4      | Killed Eustachio
  2797 | D:4      | Reached skill level 5 in Fighting
  2799 | D:4      | Reached XP level 7. HP: 17/39 MP: 3/8
  3034 | D:5      | Entered Level 5 of the Dungeon
  3285 | D:5      | Reached skill level 1 in Dodging
  3553 | D:5      | Gained mutation: You have razor-sharp teeth. [Vine Stalker
                  | growth]
  3553 | D:5      | Reached XP level 8. HP: 32/43 MP: 7/9
  3898 | D:6      | Reached skill level 6 in Maces & Flails
  4375 | D:6      | Found an iron altar of Okawaru.
  4550 | D:7      | Noticed a wyvern
  4563 | D:7      | Slain by a wyvern

Illustrated notes

Levels and vault maps discovered:
D:1:      heliophobic_arrival_dark_side_of_the_moon, layout_basic,
          dreamdust_princess_corridor, minivault_25
D:2:      layout_loops_cross, hellmonk_ecumenical_altar_watching_god,
          serial_bayou_lagoon_b
D:3:      layout_loops_ring, tgw_sif, serial_bayou_pond_a, st_stairs_1,
          uniq_robin
D:4:      layout_cave_pools, uniq_eustachio
D:5:      layout_cave_pods
D:6:      layout_loops_cross, kennysheep_okawaru_gauntlet
D:7:      layout_cave_pools, pdpol_wu_jian_five_deadly_venoms,
          minmay_temple_entry_purple_smoke, nicolae_shop_clearance

Skill      XL: |  1  2  3  4  5  6  7  8 |
---------------+-------------------------+-----
Maces & Flails | 2 3 4 5 6 |  6.4
Fighting       | 3 5 |  5.0
Armour         | 3 4 |  4.3
Shields        | 3 |  3.7
Dodging        | 1 2 |  2.0

Action                     |  1- 3 |  4- 6 |  7- 9 || total
---------------------------+-------+-------+-------++-------
  Melee: Flail             |    82 |   190 |   147 ||   419
         Bite              |    14 |    47 |    39 ||   100
    Use: Scroll            |     4 |     6 |     6 ||    16
 Armour: Scale mail        |    53 |   136 |    79 ||   268
         Chain mail        |       |       |    34 ||    34
  Dodge: Dodged            |    34 |    84 |    56 ||   174
  Block: Buckler           |    22 |    49 |    52 ||   123
         Reflection        |       |       |     1 ||     1
